 Dungeon Crawl Stone Soup version 0.20.1-1-g8b1a95d (webtiles) character file.

1006 acidapple the Skirmisher (level 8, -6/81 HPs)
             Began as an Ogre Transmuter on Sept 12, 2017.
             Killed from afar by an orc wizard (10 damage)
             ... with a magic dart
             ... on level 6 of the Dungeon.
             The game lasted 00:14:33 (5669 turns).

acidapple the Skirmisher (Ogre Transmuter)          Turns: 5669, Time: 00:14:34

Health: -6/81      AC:  3    Str: 21    XL:     8   Next: 20%
Magic:  15/15      EV:  7    Int: 15    God:
Gold:   267        SH:  7    Dex:  9    Spells: 6/16 levels left

rFire    . . .     SeeInvis .     - Unarmed
rCold    . . .     Gourm    .   u - +0 shield
rNeg     . . .     Faith    .   b - +0 robe
rPois    .         Spirit   .   (helmet restricted)
rElec    .         Reflect  .   (no cloak)
rCorr    .         Harm     .   (gloves unavailable)
MR       .....                  (boots unavailable)
Stlth    +.........             (no amulet)
Regen    0.3/turn               s - +5 ring of strength
MPRegen  0.2/turn               (no ring)

@: appendage
A: unfitting armour, horns 2, tough skin 1
a: End Transformation


You were on level 6 of the Dungeon.
You were not hungry.
You had grown temporary horns.
You visited 2 branches of the dungeon, and saw 7 of its levels.

You collected 267 gold pieces.

Inventory:

Missiles
 a - 79 arrows
Armour
 b - a +0 robe (worn)
 u - a +0 shield (worn)
Jewellery
 s - a +5 ring of strength (left hand)
Wands
 v - a wand of polymorph (6/24)
 x - a wand of scattershot (2/9)
Scrolls
 j - 4 scrolls of remove curse
 l - 2 scrolls of identify {unknown}
 m - a scroll of immolation {unknown}
 n - 2 scrolls of teleportation
 p - a scroll of fog
 r - a scroll of blinking {unknown}
 t - a scroll of fear {unknown}
Potions
 e - a potion of ambrosia {unknown}
 f - a potion of curing
 g - a potion of heal wounds {unknown}
 o - a potion of degeneration {unknown}
 q - 2 potions of invisibility {unknown}
 w - a potion of lignification {unknown}
Books
 c - a book of Changes

   Spells                             Type                      Level
   a - Beastly Appendage              Transmutation                1
   b - Sticks to Snakes               Transmutation                2
   c - Spider Form                    Transmutation/Poison         3
   d - Ice Form                       Ice/Transmutation            4
   e - Blade Hands                    Transmutation                5
Comestibles
 d - 2 bread rations
 h - a meat ration
 i - a royal jelly
 k - 7 fruits
 z - 5 chunks of flesh


   Skills:
 + Level 5.5 Fighting
 - Level 1.7 Dodging
 + Level 0.3 Shields
 + Level 5.1 Unarmed Combat
 + Level 4.8 Spellcasting
 + Level 5.2 Transmutations


You had 6 spell levels left.
You knew the following spells:

 Your Spells              Type           Power        Failure   Level  Hunger
a - Beastly Appendage     Tmut           ###...       12%         1    None
b - Sticks to Snakes      Tmut           ###.....     19%         2    ##.....
c - Spider Form           Tmut/Pois      ##........   71%         3    ###....
d - Ice Form              Ice/Tmut       ##......     98%         4    ####...


Dungeon Overview and Level Annotations

Branches:
Dungeon (6/15)             Temple (1/1) D:4

Altars:
Cheibriados
Fedhas
Gozag
Hepliaklqana
Qazlal
Ru
Sif Muna
Trog
Uskayaw
Vehumet
Xom
Zin
The Shining One

Annotations:
D:3 Frank's ghost, amateur OpFi
D:5 exclusion: ice beast


Innate Abilities, Weirdness & Mutations

You are too large for most types of armour.
You have tough skin. (AC +1)
You have a pair of horns on your head.


Message History

* * * LOW HITPOINT WARNING * * *
Okay, then.
You feel better. Something hits you.
* * * LOW HITPOINT WARNING * * *
The orc hits you with a flail!
* * * LOW HITPOINT WARNING * * *
Something hits you but does no damage.
You hear some strange, mumbled words.
A puff of flame appears from out of thin air!
The puff of flame hits you!
* * * LOW HITPOINT WARNING * * *
You feel better. Something hits you.
* * * LOW HITPOINT WARNING * * *
Something hits you but does no damage.
Something hits you but does no damage. x2
You see here a throwing net.
You hear some strange, mumbled words.
A magic dart appears from out of thin air!
The magic dart hits you!
You die...

##...#######.....#....o.oo.
#.............##.))##..####
#.............####.# .#
#.............'....# #
#.............#...##
#.............#...#
#.............#oo.#
#.............#...#
#.............@...#
#.................#
#.................#
#...#####.........# #...#
#.........# #...#
#.......### #)..# #.......#
#..)#####.......#
#...............#


You could see 2 orcs.

Vanquished Creatures
  A hippogriff (D:6)
  Eustachio (D:6)
  A black bear (D:6)
  A sky beast (D:5)
  An ogre (D:5)
  A centaur (D:6)
  A hound (D:4)
  An orc priest (D:6)
  2 orc wizards
  A hound zombie (D:6)
  Robin (D:2)
  A howler monkey skeleton (D:6)
  2 river rats (D:4)
  3 adders
  A shadow imp (D:5)
  An adder skeleton (D:4)
  A dart slug (D:1)
  A leopard gecko (D:5)
  17 orcs
  6 giant cockroaches
  12 goblins
  9 hobgoblins
  18 jackals
  2 ball pythons (D:6)
  5 bats
  7 frilled lizards
  4 kobolds
  A quokka skeleton (D:6)
  21 rats
124 creatures vanquished.

Vanquished Creatures (collateral kills)
  A jelly (D:5)
1 creature vanquished.

Grand Total: 125 creatures vanquished

Notes
Turn   | Place    | Note
-------+----------+-------------------------------------------
     0 | D:1      | acidapple the Ogre Transmuter began the quest for the Orb.
     0 | D:1      | Reached XP level 1. HP: 19/19 MP: 3/3
    55 | D:1      | Reached XP level 2. HP: 14/27 MP: 2/5
   485 | D:1      | Reached XP level 3. HP: 29/33 MP: 7/7
   851 | D:1      | Learned a level 2 spell: Sticks to Snakes
   855 | D:1      | Learned a level 3 spell: Spider Form
   936 | D:2      | Found a blossoming altar of Fedhas.
  1417 | D:2      | Reached XP level 4. HP: 40/41 MP: 6/8
  1445 | D:2      | Noticed Robin
  1625 | D:2      | Killed Robin
  2113 | D:2      | Reached XP level 5. HP: 9/49 MP: 4/9
  2418 | D:3      | Noticed Frank's ghost (amateur OpFi)
  2754 | D:4      | Reached XP level 6. HP: 54/59 MP: 8/10
  2774 | D:4      | Found a staircase to the Ecumenical Temple.
  2779 | Temple   | Entered the Ecumenical Temple
  3475 | D:5      | Entered Level 5 of the Dungeon
  3520 | D:5      | Noticed an ice beast
  3603 | D:5      | Learned a level 4 spell: Ice Form
  4472 | D:5      | Noticed a sky beast
  4484 | D:5      | Killed a sky beast
  4484 | D:5      | Reached XP level 7. HP: 51/68 MP: 8/12
  4930 | D:6      | Noticed a hippogriff
  4966 | D:6      | Killed a hippogriff
  5311 | D:6      | Noticed Eustachio
  5339 | D:6      | Killed Eustachio
  5339 | D:6      | Reached skill level 5 in Fighting
  5339 | D:6      | Reached skill level 5 in Unarmed Combat
  5339 | D:6      | Reached skill level 5 in Transmutations
  5339 | D:6      | Reached XP level 8. HP: 34/80 MP: 10/15
  5662 | D:6      | HP: 3/81 [something (3)]
  5664 | D:6      | HP: 1/81 [something/puff of flame (2)]
  5669 | D:6      | Killed from afar by an orc wizard

Skill      XL: |  1  2  3  4  5  6  7 |
---------------+----------------------+-----
Transmutations | 2 3 4 5 |  5.2
Unarmed Combat | 3 4 5 |  5.1
Spellcasting   | 3 4 |  4.8
Fighting       | 2 3 5 |  5.5
Dodging        | |  1.7
Shields        | |  0.3

Action                   |  1- 3 |  4- 6 |  7- 9 || total
-------------------------+-------+-------+-------++-------
Melee: Unarmed           |   152 |   170 |    76 ||   398
       Headbutt          |     5 |     2 |     3 ||    10
       Kick              |    11 |     7 |     1 ||    19
       Punch             |       |       |     1 ||     1
 Cast: Beastly Appendage |    27 |    16 |     7 ||    50
       Spider Form       |       |    10 |     4 ||    14
       Sticks to Snakes  |       |     5 |     2 ||     7
 Abil: End Transformatio |       |     1 |       ||     1
  Use: Scroll            |       |     6 |       ||     6
       Potion            |       |       |     3 ||     3
  Eat: Chunk             |     2 |     9 |       ||    11
       Bread ration      |       |     1 |     1 ||     2
Armor: Robe              |    36 |    39 |    18 ||    93
       Skin              |       |     5 |     1 ||     6
Dodge: Dodged            |    56 |   167 |    53 ||   276
Block: Shield            |       |       |     4 ||     4
